TOP OF THE 1ST |
Milwaukee Brewers batting - Pitching for San Diego Padres : RHP Timóteo Metzener
|
Pitching: RHP Timóteo Metzener
|
|
Batting: RHB Emilio Gallegos
|
0-0: Called Strike 0-1: Swinging Strike 0-2: Foul Ball, location: 2F 0-2: Strikes out swinging
|
Batting: RHB Adrian Rudkilde
|
0-0: Called Strike 0-1: Ball 1-1: Ball 2-1: Ground out 5-3 (Groundball, 56, EV 88.1 MPH)
|
Batting: SHB Lewis Thorpe Jr.
|
0-0: Ball 1-0: Ball 2-0: Called Strike 2-1: Ball 3-1: Base on Balls
|
Batting: SHB Jean-François Bernard
|
0-0: Called Strike 0-1: Ball 1-1: Fly out, F6 (Popup, 5D, EV 56.2 MPH)
|
Top of the 1st over - 0 runs, 0 hits, 0 errors, 1 left on base; Milwaukee 0 - San Diego 0 |
BOTTOM OF THE 1ST |
San Diego Padres batting - Pitching for Milwaukee Brewers : RHP Chitoji Takemoto
|
Pitching: RHP Chitoji Takemoto
|
|
Batting: LHB Ryan Flynn Jr.
|
0-0: Swinging Strike 0-1: Ball 1-1: Foul Ball, location: 2F 1-2: Ball 2-2: Fly out, F5 (Popup, 5F, EV 66.9 MPH)
|
Batting: SHB Jerry Luckwell
|
0-0: Ball 1-0: Ball 2-0: Ball 3-0: Base on Balls
|
Batting: RHB Jorge Severiano
|
0-0: Foul Ball, location: 2F 0-1: Ball 1-1: Called Strike 1-2: Hit by Pitch Jerry Luckwell to second
|
Batting: RHB Kevin Howard
|
0-0: Ball 1-0: Foul Ball, location: 2F 1-1: Foul Ball, location: 2F 1-2: Ball 2-2: Foul Ball, location: 2F 2-2: Foul Ball, location: 2F 2-2: DOUBLE (Line Drive, 89D, EV 101.2 MPH) Jerry Luckwell scores Jorge Severiano to third Runner from 3rd tries for Home, SAFE, throw by CF to trailing runner, SAFE at third!
|
Batting: LHB Aaron LeBlanc
|
0-0: Ball 1-0: 2-RUN HOME RUN (Flyball, 9D, EV 98.1 MPH), Distance : 410 ft
|
Batting: RHB Chiel Palstermans
|
0-0: Ball 1-0: Called Strike 1-1: Foul Ball, location: 2F 1-2: Ball 2-2: DOUBLE (Groundball, 5L, EV 109.4 MPH)
|
Batting: RHB Jose Morrissey
|
0-0: Ground out 4-3 (Groundball, 4MD, EV 85.6 MPH) Chiel Palstermans to third
|
Batting: RHB Rudolf Gommers
|
0-0: Ball 1-0: Called Strike 1-1: Called Strike 1-2: Ball 2-2: Ground out 5-3 (Groundball, 56, EV 103.8 MPH)
|
Bottom of the 1st over - 4 runs, 3 hits, 0 errors, 1 left on base; Milwaukee 0 - San Diego 4 |
TOP OF THE 2ND |
Milwaukee Brewers batting - Pitching for San Diego Padres : RHP Timóteo Metzener
|
Batting: RHB Bobby Muniz
|
0-0: Called Strike 0-1: Foul Ball, location: 2F 0-2: Ground out U3 (Groundball, 3, EV 105.0 MPH)
|
Batting: RHB Noah Stanley
|
0-0: Ball 1-0: Ball 2-0: Foul Ball, location: 2F 2-1: Foul Ball, location: 2F 2-2: Foul Ball, location: 2F 2-2: Ball 3-2: Ground out 6-3 (Groundball, 6, EV 89.4 MPH)
|
Batting: RHB Daniel Donovan
|
0-0: Ball 1-0: Ball 2-0: Called Strike 2-1: Ground out 5-3 (Groundball, 56S, EV 88.8 MPH)
|
Top of the 2nd over - 0 runs, 0 hits, 0 errors, 0 left on base; Milwaukee 0 - San Diego 4 |
BOTTOM OF THE 2ND |
San Diego Padres batting - Pitching for Milwaukee Brewers : RHP Chitoji Takemoto
|
Batting: RHB Rodolfo Rivera
|
0-0: Fly out, F7 (Flyball, 7S, EV 88.1 MPH)
|
Batting: LHB Ryan Flynn Jr.
|
0-0: Fly out, F9 (Flyball, 9S, EV 76.2 MPH)
|
Batting: SHB Jerry Luckwell
|
0-0: Ball 1-0: Ball 2-0: Ball 3-0: Base on Balls
|
Batting: RHB Jorge Severiano
|
0-0: Ball 1-0: Foul Ball, location: 2F 1-1: Fielders Choice at 2nd, U4 (Groundball, 4M, EV 81.9 MPH)
|
Bottom of the 2nd over - 0 runs, 0 hits, 0 errors, 1 left on base; Milwaukee 0 - San Diego 4 |
TOP OF THE 3RD |
Milwaukee Brewers batting - Pitching for San Diego Padres : RHP Timóteo Metzener
|
Batting: RHB Ben Campbell
|
0-0: SOLO HOME RUN (Flyball, 7D, EV 96.2 MPH), Distance : 362 ft
|
Batting: LHB Mike Staley
|
0-0: Ball 1-0: Ground out 5-3 (Groundball, 5, EV 101.9 MPH)
|
Batting: RHB Emilio Gallegos
|
0-0: Ball 1-0: Foul Ball, location: 2F 1-1: Ball 2-1: Ground out U3 (Groundball, 34, EV 81.9 MPH)
|
Batting: RHB Adrian Rudkilde
|
0-0: Fly out, F8 (Flyball, 8LD, EV 82.5 MPH)
|
Top of the 3rd over - 1 run, 1 hit, 0 errors, 0 left on base; Milwaukee 1 - San Diego 4 |
BOTTOM OF THE 3RD |
San Diego Padres batting - Pitching for Milwaukee Brewers : RHP Chitoji Takemoto
|
Batting: RHB Kevin Howard
|
0-0: Hit by Pitch
|
Batting: LHB Aaron LeBlanc
|
0-0: Ball 1-0: Called Strike 1-1: Ball 2-1: Ball 3-1: Base on Balls Kevin Howard to second
|
Batting: RHB Chiel Palstermans
|
0-0: Called Strike 0-1: Called Strike 0-2: Fly out, F8 (Line Drive, 8LD, EV 102.5 MPH)
|
Batting: RHB Jose Morrissey
|
0-0: Called Strike 0-1: Fly out, F9 (Line Drive, 9, EV 99.4 MPH)
|
Batting: RHB Rudolf Gommers
|
0-0: Foul Ball, location: 2F 0-1: SINGLE (Groundball, 4MD, EV 105.0 MPH) Kevin Howard to third Aaron LeBlanc to second
|
Batting: RHB Rodolfo Rivera
|
0-0: Ground out 3-1 (Groundball, 34, EV 85.6 MPH)
|
Bottom of the 3rd over - 0 runs, 1 hit, 0 errors, 3 left on base; Milwaukee 1 - San Diego 4 |
TOP OF THE 4TH |
Milwaukee Brewers batting - Pitching for San Diego Padres : RHP Timóteo Metzener
|
Batting: SHB Lewis Thorpe Jr.
|
0-0: Ball 1-0: Foul Ball, location: 2F 1-1: Called Strike 1-2: Ball 2-2: Ball 3-2: Foul Ball, location: 2F 3-2: Fly out, F8 (Line Drive, 8LM, EV 96.9 MPH)
|
Batting: SHB Jean-François Bernard
|
0-0: Swinging Strike 0-1: Foul Ball, location: 2F 0-2: Ball 1-2: Strikes out swinging
|
Batting: RHB Bobby Muniz
|
0-0: Ball 1-0: Foul Ball, location: 2F 1-1: Ball 2-1: Foul Ball, location: 2F 2-2: Foul Ball, location: 2F 2-2: Fly out, F9 (Flyball, 89S, EV 79.4 MPH)
|
Top of the 4th over - 0 runs, 0 hits, 0 errors, 0 left on base; Milwaukee 1 - San Diego 4 |
BOTTOM OF THE 4TH |
San Diego Padres batting - Pitching for Milwaukee Brewers : RHP Chitoji Takemoto
|
Batting: LHB Ryan Flynn Jr.
|
0-0: Called Strike 0-1: Ball 1-1: Foul Ball, location: 2F 1-2: Foul Ball, location: 2F 1-2: Fly out, F8 (Flyball, 8LM, EV 90.0 MPH)
|
Batting: SHB Jerry Luckwell
|
0-0: Ball 1-0: SOLO HOME RUN (Flyball, 7D, EV 98.8 MPH), Distance : 365 ft
|
Pitching: RHP Matt Cooper
|
|
Batting: RHB Jorge Severiano
|
0-0: Called Strike 0-1: Ball 1-1: Fly out, F5 (Popup, 56S, EV 73.1 MPH)
|
Batting: RHB Kevin Howard
|
0-0: Ball 1-0: Ball 2-0: Called Strike 2-1: Ball 3-1: Swinging Strike 3-2: Base on Balls
|
Batting: LHB Aaron LeBlanc
|
0-0: Called Strike 0-1: Fly out, F8 (Flyball, 78D, EV 91.2 MPH)
|
Bottom of the 4th over - 1 run, 1 hit, 0 errors, 1 left on base; Milwaukee 1 - San Diego 5 |
TOP OF THE 5TH |
Milwaukee Brewers batting - Pitching for San Diego Padres : RHP Timóteo Metzener
|
Batting: RHB Noah Stanley
|
0-0: Called Strike 0-1: Ground out 5-3 (Groundball, 56, EV 102.5 MPH)
|
Batting: RHB Daniel Donovan
|
0-0: Called Strike 0-1: Foul Ball, location: 2F 0-2: Ball 1-2: Strikes out swinging
|
Batting: RHB Ben Campbell
|
0-0: Ball 1-0: Foul Ball, location: 2F 1-1: Foul Ball, location: 2F 1-2: Foul Ball, location: 2F 1-2: Foul Ball, location: 2F 1-2: SINGLE (Groundball, 34D, EV 95.0 MPH)
|
Batting: LHB Mike Staley
|
0-0: Ball 1-0: Foul Ball, location: 2F 1-1: Ball 2-1: Fly out, F8 (Flyball, 78D, EV 74.4 MPH)
|
Top of the 5th over - 0 runs, 1 hit, 0 errors, 1 left on base; Milwaukee 1 - San Diego 5 |
BOTTOM OF THE 5TH |
San Diego Padres batting - Pitching for Milwaukee Brewers : RHP Matt Cooper
|
Batting: RHB Chiel Palstermans
|
0-0: Called Strike 0-1: Ball 1-1: Ball 2-1: Foul Ball, location: 2F 2-2: Foul Ball, location: 2F 2-2: Fly out, F7 (Flyball, 7, EV 91.9 MPH)
|
Batting: RHB Jose Morrissey
|
0-0: Ball 1-0: Called Strike 1-1: Fly out, F5 (Popup, 56S, EV 75.0 MPH)
|
Batting: RHB Rudolf Gommers
|
0-0: Ball 1-0: Ball 2-0: Called Strike 2-1: Foul Ball, location: 2F 2-2: Ground out 6-3 (Groundball, 6, EV 93.8 MPH)
|
Bottom of the 5th over - 0 runs, 0 hits, 0 errors, 0 left on base; Milwaukee 1 - San Diego 5 |
TOP OF THE 6TH |
Milwaukee Brewers batting - Pitching for San Diego Padres : RHP Timóteo Metzener
|
Batting: RHB Emilio Gallegos
|
0-0: Ball 1-0: Called Strike 1-1: Ball 2-1: Foul Ball, location: 2F 2-2: Ball 3-2: SINGLE (Flyball, 34D, EV 93.1 MPH)
|
Batting: RHB Adrian Rudkilde
|
0-0: Swinging Strike 0-1: Ball 1-1: Fly out, F8 (Flyball, 8RD, EV 75.6 MPH)
|
Batting: SHB Lewis Thorpe Jr.
|
0-0: Called Strike 0-1: Ball 1-1: Ball 2-1: Called Strike 2-2: Strikes out swinging
|
Batting: SHB Jean-François Bernard
|
0-0: Called Strike 0-1: Called Strike 0-2: Ball 1-2: Ball 2-2: Ball 3-2: Strikes out swinging
|
Top of the 6th over - 0 runs, 1 hit, 0 errors, 1 left on base; Milwaukee 1 - San Diego 5 |
BOTTOM OF THE 6TH |
San Diego Padres batting - Pitching for Milwaukee Brewers : RHP Matt Cooper
|
Batting: RHB Rodolfo Rivera
|
0-0: Ball 1-0: Foul Ball, location: 2F 1-1: Swinging Strike 1-2: Ball 2-2: Strikes out looking
|
Batting: LHB Ryan Flynn Jr.
|
0-0: Foul Ball, location: 2F 0-1: Foul Ball, location: 2F 0-2: Ball 1-2: Ground out 4-3 (Groundball, 4, EV 108.1 MPH)
|
Batting: SHB Jerry Luckwell
|
0-0: Called Strike 0-1: Fly out, F8 (Flyball, 8RXD, EV 101.9 MPH)
|
Bottom of the 6th over - 0 runs, 0 hits, 0 errors, 0 left on base; Milwaukee 1 - San Diego 5 |
TOP OF THE 7TH |
Milwaukee Brewers batting - Pitching for San Diego Padres : RHP Timóteo Metzener
|
Batting: RHB Bobby Muniz
|
0-0: Called Strike 0-1: Ball 1-1: Ball 2-1: Ball 3-1: Called Strike 3-2: Ground out 6-3 (Groundball, 6, EV 78.8 MPH)
|
Batting: RHB Noah Stanley
|
0-0: Swinging Strike 0-1: Swinging Strike 0-2: Ball 1-2: Foul Ball, location: 2F 1-2: Hit by Pitch
|
Pitching: RHP Bryce Cleavinger
|
|
Batting: RHB Daniel Donovan
|
0-0: Called Strike 0-1: Ball 1-1: Fly out, F5 (Line Drive, 5, EV 67.5 MPH)
|
Batting: RHB Ben Campbell
|
0-0: Called Strike 0-1: Ball 1-1: Foul Ball, location: 2F 1-2: 2-RUN HOME RUN (Flyball, 7LD, EV 96.9 MPH), Distance : 340 ft
|
Pitching: LHP Nick Martin
|
|
Batting: LHB Mike Staley
|
0-0: Called Strike 0-1: Ball 1-1: Foul Ball, location: 2F 1-2: Ball 2-2: Strikes out swinging
|
Top of the 7th over - 2 runs, 1 hit, 0 errors, 0 left on base; Milwaukee 3 - San Diego 5 |
BOTTOM OF THE 7TH |
San Diego Padres batting - Pitching for Milwaukee Brewers : RHP Matt Cooper
|
Pitching: RHP Ernie Schmutz
|
|
Batting: RHB Jorge Severiano
|
0-0: Called Strike 0-1: Foul Ball, location: 2F 0-2: Ball 1-2: Strikes out swinging
|
Batting: RHB Kevin Howard
|
0-0: Called Strike 0-1: Swinging Strike 0-2: Ball 1-2: Ball 2-2: Foul Ball, location: 2F 2-2: Ground out U3 (Groundball, 34, EV 88.8 MPH)
|
Batting: LHB Aaron LeBlanc
|
0-0: Ball 1-0: Foul Ball, location: 2F 1-1: Foul Ball, location: 2F 1-2: SINGLE (Line Drive, 89S, EV 100.0 MPH)
|
Batting: RHB Chiel Palstermans
|
0-0: Foul Ball, location: 2F 0-1: Ball 1-1: Ball 2-1: Fly out, F4 (Flyball, 34D, EV 85.6 MPH)
|
Bottom of the 7th over - 0 runs, 1 hit, 0 errors, 1 left on base; Milwaukee 3 - San Diego 5 |
TOP OF THE 8TH |
Milwaukee Brewers batting - Pitching for San Diego Padres : LHP Nick Martin
|
Batting: RHB Emilio Gallegos
|
0-0: Called Strike 0-1: Ground out 6-3 (Groundball, 6, EV 106.2 MPH)
|
Batting: RHB Adrian Rudkilde
|
0-0: Called Strike 0-1: Ball 1-1: Foul Ball, location: 2F 1-2: Ball 2-2: Ball 3-2: Foul Ball, location: 2F 3-2: Strikes out swinging
|
Batting: SHB Lewis Thorpe Jr.
|
0-0: Ball 1-0: Fly out, F8 (Line Drive, 8LM, EV 101.9 MPH)
|
Top of the 8th over - 0 runs, 0 hits, 0 errors, 0 left on base; Milwaukee 3 - San Diego 5 |
BOTTOM OF THE 8TH |
San Diego Padres batting - Pitching for Milwaukee Brewers : RHP Ernie Schmutz
|
Pitching: RHP Mekonen Mahfudh
|
|
Batting: RHB Jose Morrissey
|
0-0: Called Strike 0-1: Foul Ball, location: 2F 0-2: SINGLE (Line Drive, 8RS, EV 108.1 MPH)
|
Batting: RHB Rudolf Gommers
|
0-0: Called Strike 0-1: Ball 1-1: Sac Bunt to 15 - play at first, batter OUT! 1-3 Jose Morrissey to second
|
Batting: RHB Rodolfo Rivera
|
0-0: Foul Ball, location: 2F 0-1: Ball 1-1: Ball 2-1: Swinging Strike 2-2: Foul Ball, location: 2F 2-2: Ground out 4-3 (Groundball, 4, EV 77.5 MPH) Jose Morrissey to third
|
Batting: LHB Ryan Flynn Jr.
|
0-0: Ball 1-0: Called Strike 1-1: Ground out 4-3 (Groundball, 4, EV 80.0 MPH)
|
Bottom of the 8th over - 0 runs, 1 hit, 0 errors, 1 left on base; Milwaukee 3 - San Diego 5 |
TOP OF THE 9TH |
Milwaukee Brewers batting - Pitching for San Diego Padres : LHP Nick Martin
|
Pitching: RHP Raul Almonte
|
|
Batting: SHB Jean-François Bernard
|
0-0: Ball 1-0: Foul Ball, location: 2F 1-1: Swinging Strike 1-2: Foul Ball, location: 2F 1-2: Strikes out looking
|
Pinch Hitting: SHB Jason Woods
|
0-0: Called Strike 0-1: Ball 1-1: Ball 2-1: Foul Ball, location: 2F 2-2: Ball 3-2: TRIPLE (Flyball, 78XD, EV 86.2 MPH)
|
Batting: RHB Noah Stanley
|
0-0: Called Strike 0-1: Swinging Strike 0-2: Ball 1-2: Ball 2-2: Foul Ball, location: 2F 2-2: Strikes out swinging
|
Pinch Hitting: SHB Jamel Wright
|
0-0: Called Strike 0-1: Swinging Strike 0-2: Fly out, F9 (Flyball, 9, EV 85.6 MPH)
|
Top of the 9th over - 0 runs, 1 hit, 0 errors, 1 left on base; Milwaukee 3 - San Diego 5 |
|